 Dungeon Crawl Stone Soup version 0.24-a0-307-gf989941 (webtiles) character file.

Game seed: 11809884495205020368

141 galech the Skirmisher (level 5, -6/41 HPs)
             Began as a Demonspawn Fighter on May 13, 2019.
             Was an Initiate of Okawaru.
             Killed by nerve-wracking pain
             ... invoked by an orc priest
              (11 damage)
             ... on level 3 of the Dungeon.
             The game lasted 00:02:36 (2059 turns).

galech the Skirmisher (Demonspawn Fighter)          Turns: 2059, Time: 00:02:37

Health: -6/41      AC: 11    Str: 16    XL:     5   Next: 3%
Magic:  5/5        EV:  4    Int:  9    God:    Okawaru [......]
Gold:   206        SH:  9    Dex: 14    Spells: 4/4 levels left

rFire    + . .     SeeInvis .   r - +1 hand axe (venom)
rCold    . . .     Gourm    .   c - +0 shield
rNeg     . . .     Faith    .   j - +0 chain mail
rPois    .         Spirit   .   q - +1 helmet
rElec    .         Reflect  .   (no cloak)
rCorr    .         Harm     .   (no gloves)
MR       .....                  (no boots)
Stlth    ..........             (no amulet)
HPRegen  0.13/turn              l - ring of protection from fire
MPRegen  0.09/turn              (no ring)

@: no status effects
A: talons 1, powered by death 1
a: Renounce Religion


You were on level 3 of the Dungeon.
You worshipped Okawaru.
Okawaru was noncommittal.
You were not hungry.

You visited 1 branch of the dungeon, and saw 3 of its levels.

You collected 206 gold pieces.

Inventory:

Hand Weapons
 a - a +0 war axe
 r - a +1 hand axe of venom (weapon)
Armour
 c - a +0 shield (worn)
 j - a +0 chain mail (worn)
 q - a +1 helmet (worn)
Jewellery
 l - a ring of protection from fire (left hand)
Wands
 v - a wand of digging (5)
Scrolls
 b - a scroll of enchant weapon {unknown}
 e - 3 scrolls of teleportation {unknown}
 g - 2 scrolls of remove curse {unknown}
 h - 2 scrolls of identify {unknown}
 t - a scroll of fear {unknown}
 u - a scroll of blinking {unknown}
 w - a scroll of noise {unknown}
Potions
 d - a potion of might
 i - a potion of magic {unknown}
 k - a potion of curing {unknown}
 m - 5 potions of heal wounds {unknown}
 o - a potion of brilliance {unknown}
 p - a potion of cancellation {unknown}
 s - a potion of mutation {unknown}
Comestibles
 f - 10 rations
 n - 8 chunks of flesh


   Skills:
 + Level 3.5 Fighting
 + Level 3.3 Axes
 + Level 3.3 Armour
 + Level 0.4 Dodging
 + Level 3.3 Shields


You had 4 spell levels left.
You didn't know any spells.
Your spell library was empty.

Dungeon Overview and Level Annotations

Branches:
Dungeon (3/15)

Altars:
Cheibriados
Dithmenos
Fedhas
Gozag
Makhleb
Okawaru
Ru
Trog
Vehumet


Innate Abilities, Weirdness & Mutations

You have sharp toenails.
You regenerate a little health from kills.


Message History

The orc hits you with a +0 flail.
The orc priest hits you but does no damage.
Some of the chunks of flesh in your inventory have rotted away.
You see here an orc corpse.
You slash the orc priest!
The orc priest is poisoned.
Your kick misses the orc priest.
The orc priest is heavily wounded.
Your chain mail prevents you from hitting the orc.
The orc hits you with a +0 flail.
* * * LOW HITPOINT WARNING * * *
The orc priest hits you but does no damage.
You hit the orc priest but do no damage.
You claw the orc priest, but do no damage.
The orc priest is heavily wounded.
Your shield and chain mail prevent you from hitting the orc.
The orc hits you with a +0 flail.
* * * LOW HITPOINT WARNING * * *
The orc priest invokes the aid of Beogh against you.
Pain shoots through your body!
You die...

##..<.>....#
#.........####
.......
#.##..........
.......
#.###....#####
.......
##.....#..#
.......
....##....# ......
.##....##.# ##....
.##.#####.# ##oo#
.....####.#####.@#
..#....##.##....##
#...##.##..#.####
###.##...#...#
.##.#.......##
.#..........#
...........##
.............
.#..#......##.


You could see an orc priest and an orc.

Vanquished Creatures
  6 adders
  An ooze (D:3)
  A worm (D:2)
  2 dart slugs
  3 leopard geckos
  3 orcs (D:3)
  3 giant cockroaches
  6 hobgoblins
  6 jackals (D:2)
  A quokka (D:3)
  14 bats
  4 frilled lizards
  10 goblins
  7 kobolds
  5 rats
72 creatures vanquished.

Notes
Turn   | Place    | Note
-------+----------+-------------------------------------------
     0 | D:1      | galech the Demonspawn Fighter began the quest for the Orb.
     0 | D:1      | Reached XP level 1. HP: 18/18 MP: 1/1
   185 | D:1      | Gained mutation: You have sharp toenails. [demonic
                  | ancestry]
   185 | D:1      | Reached XP level 2. HP: 24/24 MP: 2/2
  1106 | D:2      | Reached XP level 3. HP: 26/29 MP: 3/3
  1258 | D:2      | Found an iron altar of Okawaru.
  1272 | D:2      | Became a worshipper of Warmaster Okawaru
  1448 | D:2      | Gained mutation: You regenerate a little health from kills.
                  | [demonic ancestry]
  1448 | D:2      | Reached XP level 4. HP: 34/35 MP: 4/4
  1828 | D:3      | Found a bloodstained altar of Trog.
  1931 | D:3      | Found an opulent altar of Gozag.
  1935 | D:3      | Found a blossoming altar of Fedhas.
  1935 | D:3      | Found a shadowy altar of Dithmenos.
  1936 | D:3      | Found a sacrificial altar of Ru.
  1936 | D:3      | Found a radiant altar of Vehumet.
  1936 | D:3      | Found a snail-covered altar of Cheibriados.
  1940 | D:3      | Found a burning altar of Makhleb.
  2053 | D:3      | Reached XP level 5. HP: 41/41 MP: 5/5
  2059 | D:3      | Killed from afar by an orc priest

Levels and vault maps discovered:
D:1:      ncdulo_smallfort, layout_basic
D:2:      layout_basic, okawaru_gym_becter, minmay_goblin_kobold_house
D:3:      layout_rooms, grunt_temple_overflow_open,
          lemuel_coloured_pillars_altar, item_on_display_b, uniq_jessica

Skill      XL: |  1  2  3  4 |
---------------+-------------+-----
Axes           | 2 3 |  3.3
Shields        | 3 |  3.3
Armour         | 3 |  3.3
Fighting       | |  3.5
Dodging        | |  0.4

Action                   |  1- 3 |  4- 6 || total
-------------------------+-------+-------++-------
Melee: War axe           |   105 |       ||   105
       Kick              |    20 |    12 ||    32
       Hand axe          |     5 |    58 ||    63
  Eat: Chunk             |     2 |     2 ||     4
Armor: Scale mail        |    22 |       ||    22
       Chain mail        |    81 |    27 ||   108
Dodge: Dodged            |    33 |    16 ||    49
Block: Shield            |    77 |    34 ||   111

Table legend:
 A = Non-vault XP
 B = Vault XP
 C = Vault XP percentage of total XP
 D = Non-vault monster count
 E = Vault monster count
 F = Vault count percentage of total count
                 A         B        C        D         E       F
            +---------+---------+-------+---------+---------+-------
      Total |     192 |      10 |   5.0 |      67 |       5 |   6.9
            +---------+---------+-------+---------+---------+-------
        D:1 |      24 |       0 |   0.0 |      18 |       0 |   0.0
        D:2 |      77 |      10 |  11.5 |      29 |       5 |  14.7
        D:3 |      91 |       0 |   0.0 |      20 |       0 |   0.0
            +---------+---------+-------+---------+---------+-------
